 Dungeon Crawl Stone Soup version 0.31-a0-841-g038b102fc3 (webtiles) character file.

Game seed: 11795652814586771631

39 randomguy2701 the Grasshopper (level 3, 31/31 HPs)
             Began as a Gnoll Wanderer on Sept 27, 2023.
             Quit the game on level 1 of the Dungeon.
             The game lasted 00:01:59 (922 turns).

randomguy2701 the Grasshopper (Gnoll Wanderer)       Turns: 922, Time: 00:02:00

Health: 31/31      AC:  3    Str: 11    XL:     3   Next: 47%
Magic:  9/9        EV: 11    Int: 14    God:
Gold:   77         SH:  5    Dex: 10    Spells: 12/12 levels left

rFire   . . .        a - +0 club
rCold   . . .        (no shield)
rNeg    . . .        c - +0 robe
rPois   .            (no helmet)
rElec   .            (no cloak)
rCorr   .            d - +0 pair of gloves
SInv    .            (no boots)
Will    .....        h - amulet of reflection
Stlth   ++           (no ring)
HPRegen 0.25/turn    (no ring)
MPRegen 0.11/turn

%: reflection
@: no status effects
A: fangs 1, strong nose, distributed training
a: no special abilities


You were on level 1 of the Dungeon.
You visited 1 branch of the dungeon, and saw 2 of its levels.

You collected 77 gold pieces.

Inventory:

Hand Weapons
 a - a +0 club (weapon)
Armour
 c - a +0 robe (worn)
 d - a +0 pair of gloves (worn)
Jewellery
 h - an amulet of reflection (around neck)
Scrolls
 e - a scroll of identify {unknown}
 f - a scroll of teleportation {unknown}
 g - a scroll of noise {unknown}
Potions
 b - a potion of berserk rage
 i - 2 potions of lignification {unknown}


   Skills:
 + Level 4.5 Fighting
 + Level 0.8 Short Blades
 + Level 0.8 Long Blades
 + Level 0.8 Axes
 + Level 0.8 Maces & Flails
 + Level 0.8 Polearms
 + Level 0.8 Staves
 + Level 0.8 Ranged Weapons
 + Level 0.8 Throwing
 + Level 2.6 Armour
 + Level 0.8 Dodging
 + Level 2.4 Stealth
 + Level 0.8 Shields
 + Level 0.8 Unarmed Combat
 + Level 5.0 Spellcasting
 + Level 0.5 Conjurations
 + Level 0.5 Hexes
 + Level 0.5 Summonings
 + Level 0.5 Necromancy
 + Level 5.4 Translocations
 + Level 0.5 Transmutations
 + Level 0.5 Fire Magic
 + Level 0.5 Ice Magic
 + Level 0.5 Air Magic
 + Level 0.5 Earth Magic
 + Level 0.5 Poison Magic
 + Level 1.0 Invocations
 + Level 2.6 Evocations
 + Level 0.7 Shapeshifting


You had 12 spell levels left.
You didn't know any spells.
Your spell library contained the following spells:

 Spells                   Type           Power      Damage    Failure   Level
 Apportation              Tloc           36%        N/A       1%          1
 Sting                    Tmut/Pois      20%        1d4       14%         1
 Volatile Blastmotes      Fire/Tloc      22%        2d11      16%         3
 Ignite Poison            Fire/Tmut/Pois 5%         N/A       38%         3
 Dimensional Bullseye     Hex/Tloc       5%         N/A       45%         4


Dungeon Overview and Level Annotations

Branches:
Dungeon (2/15)

Altars:

Annotations:
D:2 Sigmund


Innate Abilities, Weirdness & Mutations

You have very sharp teeth.
Your uncanny sense of smell can sniff out nearby items.
Your experience applies equally to all skills.


Message History

No reachable target in view!
No reachable target in view!
A quokka is nearby!
A quokka is nearby!
A quokka is nearby!
No reachable target in view!
The quokka misses you.
You hit the quokka.
The quokka is severely wounded.
The quokka barely misses you. You block the quokka's attack.
You closely miss the quokka.
The quokka is severely wounded.
The quokka bites you but does no damage.
You hit the quokka.
You kill the quokka!
No target in view!
No target in view!
No target in view!
No target in view!
You now have 77 gold pieces (gained 13).
Sigmund and a hobgoblin come into view.
Sigmund is wielding a +2 scythe of venom.
There are monsters nearby!
There are monsters nearby!
There are monsters nearby!
Found a stone staircase leading up.
The hobgoblin shouts!
You don't know any spells.
Okay, then.
Sigmund shouts!
Things that are here:
a +0 short sword; a kobold corpse; an adder corpse Sigmund casts a spell.
Sigmund flickers and vanishes!
Deactivating autopickup; reactivate with Ctrl-A.
There is a stone staircase leading up here.
You climb upwards.
Reactivating autopickup.
There is a stone staircase leading down here.
Are you sure you want to abandon this character and quit the game? (Confirm with "yes".)

#.....# #..........# #.....#
#..........# #.....#####
#..........# #...).....#
####.##'####
###.........#######'##.####
#######...........#........#.....
.....##.†.........#........######
.....##.......#####......)...#
.#.#..'†).......@###########.####
##^#.##......###.# #######.##..
#.#.##......# #.# #.......####
#.#.##......# #.# #.####### #
#.#.######### #.# #.# #
#.#...##### #.# #.##########
##'###.....### #.# #...........
8#.#######...# #.#####..#########
.........###.###...)....#####


There were no monsters in sight!

Vanquished Creatures
  An adder (D:2)
  An endoplasm (D:2)
  2 giant cockroaches (D:1)
  4 goblins (D:1)
  3 hobgoblins (D:1)
  2 jackals (D:1)
  7 kobolds
  A quokka (D:2)
  2 ball pythons
  4 bats (D:1)
  A frilled lizard (D:1)
  A rat (D:1)
29 creatures vanquished.

Notes
Turn   | Place    | Note
-------+----------+-------------------------------------------
     0 | D:1      | randomguy2701 the Gnoll Wanderer began the quest for the
                  | Orb.
     0 | D:1      | randomguy2701 set off with the following items: a +0 club,
                  | a potion of berserk rage, a +0 robe, a +0 pair of gloves;
                  | and the following spells available to memorise:
                  | Apportation, Sting, Volatile Blastmotes, Ignite Poison,
                  | Dimensional Bullseye.
     0 | D:1      | Reached XP level 1. HP: 20/20 MP: 6/6
   165 | D:1      | Reached XP level 2. HP: 18/26 MP: 7/7
   727 | D:1      | Reached skill level 5 in Spellcasting
   727 | D:1      | Reached XP level 3. HP: 31/31 MP: 7/9
   850 | D:2      | Reached skill level 1 in Invocations
   897 | D:2      | Noticed Sigmund
   922 | D:1      | Quit the game

Illustrated notes

Levels and vault maps discovered:
D:1:      elethiomel_arrival_quiet, layout_basic
D:2:      layout_rooms, nicolae_concentric_dashed_squares_mild, grunt_decor_cap,
          uniq_sigmund

Skill      XL: |  1  2  3 |
---------------+----------+-----
Spellcasting   | 5 |  5.0
Invocations    | 1 |  1.0
Fighting       | |  4.5
Short Blades   | |  0.8
Long Blades    | |  0.8
Axes           | |  0.8
Maces & Flails | |  0.8
Polearms       | |  0.8
Staves         | |  0.8
Ranged Weapons | |  0.8
Throwing       | |  0.8
Armour         | |  2.6
Dodging        | |  0.8
Stealth        | |  2.4
Shields        | |  0.8
Unarmed Combat | |  0.8
Conjurations   | |  0.5
Hexes          | |  0.5
Summonings     | |  0.5
Necromancy     | |  0.5
Translocations | |  5.4
Transmutations | |  0.5
Fire Magic     | |  0.5
Ice Magic      | |  0.5
Air Magic      | |  0.5
Earth Magic    | |  0.5
Poison Magic   | |  0.5
Evocations     | |  2.6
Shapeshifting  | |  0.7

Action                     || total
---------------------------++-------
  Melee: Club              ||   141
         Bite              ||     7
         Punch             ||     2
   Stab: Sleeping          ||     2
 Armour: Robe              ||   111
  Dodge: Dodged            ||   104
  Block: Other             ||    29

Table legend: (Time is in decaauts)
 A = Elapsed time spent in this place.
 B = Non-inter-level travel time spent in this place.
 C = Inter-level travel time spent in this place.
 D = Time resting spent in this place.
 E = Time spent auto-exploring this place.
 F = Levels seen in this place.
 G = Mean time per level.
                   A        B        C        D        E       F      G
               +--------+--------+--------+--------+--------+-----+--------+
         Total |    961 |    936 |     25 |      0 |    630 |   2 |  480.5 |
       Dungeon |    961 |    936 |     25 |      0 |    630 |   2 |  480.5 |
               +--------+--------+--------+--------+--------+-----+--------+

Top non-repeatable levels by time:
     D:1: 860 daAuts
     D:2: 101 daAuts
